 Dungeon Crawl Stone Soup version 0.29-a0-231-g945431f764 (webtiles) character file.

Game seed: 2552258410263772129

523322 HotDog the Minotaur Barricade (level 24, -3/223 (238) HPs)
             Began as a Minotaur Fighter on Feb 28, 2022.
             Was an Elder of Jiyva.
             Slain by a Brimstone Fiend (13 damage)
             ... summoned by a dread lich
             ... while paralysed by a dread lich
             ... on level 4 of the Vaults.
             The game lasted 02:06:12 (49172 turns).

HotDog the Minotaur Barricade (Minotaur Fighter)   Turns: 49172, Time: 02:06:13

HP:   -3/223 (238)  AC: 50    Str: 28    XL:     24   Next: 18%
MP:   20/23         EV:  2    Int: 15    God:    Jiyva [****..]
Gold: 3624          SH:  0    Dex: 17    Spells: 23/23 levels left

rFire   + + .      SeeInvis .   s - +10 whip "Luceodud" {flame, rCorr Str+4 Int+7 Dex-2}
rCold   + . .      Faith    .   J - +4 kite shield {AC+3}
rNeg    + . .      Spirit   .   I - +5 crystal plate armour
rPois   .          Reflect  .   (helmet restricted)
rElec   +          Harm     .   T - -2 cloak "Qoylisen" {rC+}
rCorr   +          Rampage  .   B - +0 pair of gloves
Will    +....      Clarity  +   a - +1 pair of boots
Stlth   ..........              y - amulet of regeneration
HPRegen 2.55/turn               C - ring of Seungyfa {rElec rF+ Str-2 Int+3 Slay+5}
MPRegen 0.58/turn               V - ring "Setadin" {rN+ Dex+2 Slay+2}

@: paralysed, studying 2 skills, drained
A: horns 2, retaliatory headbutt, talons 1, iridescent scales 2, clarity, fire
resistance 1, shaggy fur 1, eyeballs 2, gelatinous body 3, translucent skin 2
}: 3/15 runes: decaying, serpentine, slimy
a: Renounce Religion, Oozemancy, Slimify


You were on level 4 of the Vaults.
You worshipped Jiyva.
Jiyva was greatly pleased with you.
You visited 9 branches of the dungeon, and saw 48 of its levels.
You also visited: Sewer, Bailey, Gauntlet, Ice Cave, Volcano and Wizlab.

You collected 4870 gold pieces.
You spent 1246 gold pieces at shops.

Inventory:

Hand Weapons
 s - the +10 whip "Luceodud" (weapon) {flame, rCorr Str+4 Int+7 Dex-2}
   (You found it on level 4 of the Dungeon)

   It burns those it strikes, dealing additional fire damage.
   Str:       It affects your strength (+4).
   Int:       It affects your intelligence (+7).
   Dex:       It affects your dexterity (-2).
   rCorr:     It protects you from acid and corrosion.
 Z - a +2 demon whip of draining
Armour
 a - a +1 pair of boots (worn)
 B - a +0 pair of gloves (worn)
 I - a +5 crystal plate armour (worn)
 J - a +4 kite shield of protection (worn)
 T - the -2 cloak "Qoylisen" (worn) {rC+}
   (You found it on level 5 of the Pits of Slime)

   rC:        It protects you from cold.
Jewellery
 j - a +4 ring of evasion
 t - a ring of willpower
 y - an amulet of regeneration (around neck)
 A - the ring "Mism" {rC+ rN+ Int+3}
   (You acquired it on level 2 of the Lair of Beasts)

   [ring of positive energy]

   Int:       It affects your intelligence (+3).
   rC:        It protects you from cold.
   rN:        It protects you from negative energy.
 C - the ring of Seungyfa (left hand) {rElec rF+ Str-2 Int+3 Slay+5}
   (You found it on level 3 of the Depths)

   [ring of protection from fire]

   Str:       It affects your strength (-2).
   Int:       It affects your intelligence (+3).
   Slay:      It affects your accuracy & damage with ranged weapons and melee
   (+5).
   rF:        It protects you from fire.
   rElec:     It insulates you from electricity.
 G - an amulet of reflection
 K - a ring of poison resistance
 M - the ring "Imoxoacs" {rC+ Str+6 Int-4 Dex+2 Slay+2}
   (You took it off a naga sharpshooter on level 3 of the Depths)

   [ring of strength]

   Str:       It affects your strength (+6).
   Int:       It affects your intelligence (-4).
   Dex:       It affects your dexterity (+2).
   Slay:      It affects your accuracy & damage with ranged weapons and melee
   (+2).
   rC:        It protects you from cold.
 N - a ring of flight
 O - a +4 ring of evasion
 U - the ring "Dowe" {Ice MP+9 Int+4}
   (You took it off Josephina on level 3 of the Depths)

   [ring of ice]

   It enhances your ice magic.
   Int:       It affects your intelligence (+4).
   rF:        It makes you vulnerable to fire.
   rC:        It protects you from cold.
   MP:        It affects your magic capacity (+9).
 V - the ring "Setadin" (right hand) {rN+ Dex+2 Slay+2}
   (You found it on level 3 of the Crypt)

   [ring of positive energy]

   Dex:       It affects your dexterity (+2).
   Slay:      It affects your accuracy & damage with ranged weapons and melee
   (+2).
   rN:        It protects you from negative energy.
 W - the ring of Test {Wiz rN++}
   (You found it on level 3 of the Crypt)

   [ring of wizardry]

   It improves your spell success rate.
   rN:        It greatly protects you from negative energy.
 X - a +4 ring of protection
 Y - a +6 ring of strength
Wands
 f - a wand of digging (10)
Scrolls
 c - a scroll of silence
 e - 12 scrolls of teleportation
 k - 4 scrolls of fog
 m - 4 scrolls of immolation
 n - a scroll of summoning
 o - 8 scrolls of vulnerability
 p - a scroll of amnesia
 r - 8 scrolls of fear
 z - 7 scrolls of magic mapping
 E - 25 scrolls of identify
 R - 3 scrolls of blinking
Potions
 b - 3 potions of brilliance
 d - 2 potions of might
 g - 5 potions of magic
 h - 5 potions of lignification
 i - 5 potions of haste
 l - 5 potions of flight
 q - 6 potions of attraction
 u - 7 potions of resistance
 v - 3 potions of invisibility
 w - 2 potions of berserk rage
 F - 15 potions of curing
 L - 2 potions of ambrosia
 P - 2 potions of cancellation
 S - 2 potions of heal wounds


   Skills:
 * Level 24.1 Fighting
 - Level 4.3 Long Blades
 * Level 22.9 Maces & Flails
 * Level 24.4 Armour
 * Level 17.0 Dodging
 - Level 6.2 Stealth
 O Level 27 Shields
 - Level 2.2 Invocations


You had 23 spell levels left.
You didn't know any spells.
Your spell library contained the following spells:

 Spells                   Type           Power      Damage    Failure   Level
 Freeze                   Ice            0%         1d3       90%         1
 Magic Dart               Conj           0%         1d3       90%         1
 Pain                     Necr           0%         1d4       90%         1
 Slow                     Hex            0%         N/A       90%         1
 Sting                    Tmut/Pois      0%         1d3       90%         1
 Corpse Rot               Necr/Air       0%         N/A       97%         2
 Ensorcelled Hibernation  Hex/Ice        0%         N/A       97%         2
 Passwall                 Tmut/Erth      0%         N/A       97%         2
 Poisonous Vapours        Pois/Air       0%         N/A       97%         2
 Searing Ray              Conj           0%         2d4       97%         2
 Sublimation of Blood     Necr           0%         N/A       97%         2
 Confusing Touch          Hex            0%         N/A       99%         3
 Conjure Flame            Conj/Fire      0%         6-21      99%         3
 Dazzling Flash           Conj/Hex       0%         N/A       99%         3
 Ignite Poison            Fire/Tmut/Pois 0%         N/A       99%         3
 Ozocubu's Armour         Ice            0%         N/A       99%         3
 Summon Guardian Golem    Hex/Summ       0%         N/A       99%         3
 Swiftness                Air            0%         N/A       99%         3
 Vampiric Draining        Necr           0%         2d6       99%         3
 Fulminant Prism          Conj/Hex       0%         3d6       100%        4
 Hailstorm                Conj/Ice       0%         3d3       100%        4
 Ice Form                 Ice/Tmut       0%         N/A       100%        4
 Iskenderun's Mystic Bla  Conj/Tloc      0%         2d3       100%        4
 Olgreb's Toxic Radiance  Pois           0%         N/A       100%        4
 Petrify                  Tmut/Erth      0%         N/A       100%        4
 Sticky Flame             Conj/Fire      0%         2d3       100%        4
 Agony                    Necr           0%         N/A       100%        5
 Borgnjor's Vile Clutch   Necr/Erth      0%         N/A       100%        5
 Excruciating Wounds      Necr           0%         N/A       100%        5
 Irradiate                Conj/Tmut      0%         3d13      100%        5
 Metabolic Englaciation   Hex/Ice        0%         N/A       100%        5
 Summon Forest            Summ/Tloc      0%         N/A       100%        5
 Yara's Violent Unravell  Hex/Tmut       0%         3d3       100%        5
 Death Channel            Necr           0%         N/A       100%        6
 Dispersal                Tloc           0%         N/A       100%        6
 Eringya's Noxious Bog    Tmut/Pois      0%         N/A       100%        6
 Simulacrum               Ice/Necr       0%         N/A       100%        6
 Starburst                Conj/Fire      0%         6d3       100%        6
 Statue Form              Tmut/Erth      0%         N/A       100%        6
 Enfeeble                 Hex            0%         N/A       100%        7
 Haunt                    Necr/Summ      0%         N/A       100%        7
 Malign Gateway           Summ/Tloc      0%         N/A       100%        7
 Orb of Destruction       Conj           0%         9d5       100%        7
 Spellforged Servitor     Conj/Summ      0%         N/A       100%        7
 Summon Hydra             Summ           0%         N/A       100%        7
 Borgnjor's Revivificati  Necr           0%         N/A       100%        8
 Disjunction              Tloc           0%         N/A       100%        8
 Summon Horrible Things   Summ           0%         N/A       100%        8
 Chain Lightning          Conj/Air       0%         N/A       100%        9
 Death's Door             Necr           0%         N/A       100%        9
 Fire Storm               Conj/Fire      0%         5d1       100%        9
 Shatter                  Erth           0%         3d5*      100%        9


Dungeon Overview and Level Annotations

Branches:
Dungeon (15/15)            Temple (0/1) D:7            Lair (6/6) D:8
  Swamp (4/4) Lair:4        Snake (4/4) Lair:4        Slime (5/5) Lair:6
    Orc (2/2) D:9             Elf (0/3) Orc:2        Vaults (5/5) D:13
  Crypt (3/3) Vaults:3       Tomb (0/3) Crypt:3      Depths (4/4) D:15
    Zot (0/5) Depths:4      Sewer (visited)          Bailey (visited)
  IceCv (visited)         Volcano (visited)          WizLab (visited)
Gauntlet (visited)

Altars:
Ashenzari
Cheibriados
Dithmenos
Hepliaklqana
Kikubaaqudgha
Makhleb
Ru
Sif Muna
Trog
Uskayaw
Wu Jian
Jiyva
Lugonu

Shops:
D:7 [   D:13 *   Orc:2 *[:(   Snake:4 *=   Vaults:4 [   Depths:1 *
Depths:2 !!(

Portals:
Hell: Depths:1 Depths:2 Depths:3 Depths:4
Abyss: Lair:6 Depths:2 Depths:3
Pandemonium: Depths:1 Depths:2 Depths:4
Ziggurat: Depths:2
Trove: D:11 (give 7 scrolls of blinking)

Annotations:
Snake:4 2 transporters, raistware's ghost, adept HuCj
Slime:5 Royal Jelly


Innate Abilities, Weirdness & Mutations

You have a pair of horns on your head.
You reflexively headbutt those who attack you in melee.
You have sharp toenails.
You are mostly covered in iridescent scales. (AC +4)
You possess an exceptional clarity of mind.
Your flesh is heat resistant. (rF+)
You are covered in fur. (AC +1)
Your body has grown many eyes which may confuse attackers. (Acc +5)
Your gelatinous body deflects attacks. (AC +3, EV +3)
Your translucent skin reduces your foes' accuracy. (Stealth+)


Message History

The Tzitzimitl bites you but does no damage.
The Brimstone Fiend hits you but does no damage.
The Brimstone Fiend barely misses you.
The Brimstone Fiend hits you but does no damage.
The dread lich completely misses you.
The dread lich touches you but does no damage.
The deep troll earth mage closely misses the Brimstone Fiend.
The deep troll earth mage claws the Brimstone Fiend!
The deep troll earth mage claws the Brimstone Fiend but does no damage.
The deep troll earth mage bites itself but does no damage.
The deep troll earth mage claws itself.
The deep troll earth mage barely misses itself.
Something hits you but does no damage.
The Tzitzimitl calls on the powers of darkness!
Your body is wracked with pain!
* * * LOW HITPOINT WARNING * * *
The deep troll earth mage convulses!
The Brimstone Fiend hits you!
* * * LOW HITPOINT WARNING * * *
The Brimstone Fiend barely misses you. x2
The dread lich gestures at you while chanting.
You barely resist. Something hits you but does no damage.
The Brimstone Fiend hits you but does no damage. x3
The Tzitzimitl gestures at you.
The bolt of negative energy hits you but does no damage.
You partially resist.
The bolt of negative energy hits the dread lich.
The dread lich completely resists.
The dread lich gestures at you while chanting.
You shrug off the repeated paralysis!
The deep troll earth mage says, "Why is everything spinning?"
The deep troll earth mage bites you but does no damage.
The deep troll earth mage claws you but does no damage. x2
The dread lich touches you but does no damage.
Something hits you but does no damage. The Tzitzimitl gestures at you.
The bolt of negative energy hits you. You partially resist.
You feel drained.
* * * LOW HITPOINT WARNING * * *
The bolt of negative energy hits the dread lich.
The dread lich completely resists.
The Brimstone Fiend hits you!
You die...

..............#.##..#............
....#.........#.#...#............
....#.####.####.....#............
....#.#≈≈...≈≈#.....#............
....#.#≈≈...≈≈#.....#....########
....#.........#.#...#....#.......
....#.#.......#..##.#....#.......
#####.#.......'.1#..#....#.......
......#≈≈...≈≈#1@...#....#.......
......#≈≈...≈≈#TL{#.#....#.......
......#########.#...#....#.......
........J.....#.....#....#.......
.........J....#######....#.......
.........................#.......
.........................#.......
.........................####'###
.................................


You could see a dread lich (fast), a Tzitzimitl (summoned), a Brimstone Fiend
(summoned) and a deep troll earth mage (confused).

Vanquished Creatures
  An ancient lich (Crypt:3)
  A dread lich (Vaults:4)
  5 juggernauts
  Sojobo (Depths:3)
  Zenata (Crypt:2)
  Frederick (Depths:4)
  Josephina (Depths:3)
  A caustic shrike (Depths:1)
  Nikola (Swamp:1)
  4 golden dragons
  A bone dragon (Crypt:3)
  A shard shrike skeleton (Crypt:3)
  9 tentacled monstrosities
  A walking earthen tome (Depths:3)
  3 walking frostbound tomes
  2 quicksilver dragons
  13 ancient champions
  6 liches
  Asterion (Vaults:3)
  4 deep elf master archers (WizLab)
  8 sphinxes
  A walking divine tome (Depths:4)
  8 titans
  The ghost of Widid the Ruinous, an adept TeFE of Vehumet (Snake:3)
  4 thorn hunters
  Gastronok (Lair:2)
  2 storm dragons
  Frances (D:13)
  4 revenants
  14 nagarajas (Snake:4)
  3 shadow dragons
  Donald (Swamp:3)
  4 fenstrider witches
  9 tengu reavers
  9 fire giants
  10 frost giants
  10 vault wardens
  A curse skull (Crypt:3)
  3 orc warlords
  6 ghouls
  A caustic shrike zombie (Crypt:1)
  5 spriggan defenders
  21 ironbound preservers
  A cacodemon (Depths:1)
  4 reapers
  3 caustic shrike skeletons (Crypt:3)
  2 war gargoyles (Vaults:4)
  A draconian annihilator (Depths:4)
  14 very ugly things
  A deep elf demonologist (Vaults:2)
  A black draconian (Depths:4)
  3 eleionomae
  15 stone giants
  2 juggernaut skeletons (Crypt:3)
  7 ironbound thunderhulks
  An entropy weaver (Vaults:4)
  8 spark wasps
  17 vampire knights
  A deep elf annihilator (Vaults:5)
  An entropy weaver (shapeshifter) (Vaults:5)
  A dire elephant (Vaults:2)
  2 red draconians (Depths:4)
  4 bunyips
  A yellow draconian (Depths:4)
  A minotaur (Gauntlet)
  5 eidola
  3 deep elf death magi
  The ghost of Napalmbreeze the Fighter, a journeyman DsGl of Ru (Lair:1)
  A blizzard demon (Depths:4)
  A mummy priest (Crypt:1)
  6 ettins
  8 fire dragons
  4 shambling mangroves
  10 yaktaur captains
  7 jiangshi
  Erolcha (D:10)
  4 deep elf high priests
  2 spriggan zombies (Crypt:1)
  4 rakshasas
  2 peacekeepers
  4 ice dragons
  A quicksilver dragon skeleton (Crypt:3)
  A juggernaut simulacrum (Depths:3)
  6 boulder beetles
  2 caustic shrike simulacra (IceCv)
  24 naga warriors
  33 vault guards
  6 ironbound frosthearts
  17 hydras
  2 salamander tyrants (Snake:4)
  7 spriggan air magi
  A ghost crab (Swamp:4)
  9 anacondas
  17 centaur warriors
  5 spriggan skeletons
  Erica (D:8)
  3 death knights
  2 two-headed ogres
  7 tengu warriors
  2 satyrs (WizLab)
  A titan zombie (Crypt:3)
  5 deep troll earth magi
  20 naga sharpshooters
  9 alligators
  6 deep troll shamans
  9 spriggan berserkers
  3 orc high priests (Orc:2)
  Urug (D:13)
  5 vampire magi
  11 hell knights
  6 shock serpents
  6 titan skeletons (Crypt:3)
  32 skeletal warriors
  4 soul eaters
  3 iron trolls
  6 salamander mystics
  A steelbarb worm (shapeshifter) (Vaults:4)
  6 goliath frogs
  A fire crab (shapeshifter) (D:15)
  2 sixfirhies
  A spriggan druid (Swamp:2)
  5 shadow wraiths
  5 bog bodies
  55 deep trolls
  9 flayed ghosts
  2 sea snakes (Snake:4)
  10 naga ritualists
  7 wizards
  2 deep elf archers (WizLab)
  3 obsidian statues
  A spriggan simulacrum (IceCv)
  13 swamp dragons
  Pikel (D:8)
  10 orc knights
  An iron dragon zombie (Crypt:2)
  13 phantasmal warriors
  9 necromancers
  12 lindwurms
  2 shadow dragon skeletons (Crypt:3)
  2 deep elf pyromancers (D:15)
  6 mana vipers
  13 ironbound convokers
  2 fauns (WizLab)
  5 cyclopes
  4 oklob plants
  A stone giant zombie (Crypt:1)
  16 salamanders
  2 will-o-the-wisps (Swamp:3)
  57 ugly things
  4 orc sorcerers (Orc:2)
  2 manticores
  An iron dragon skeleton (Crypt:2)
  22 naga magi
  8 guardian serpents
  2 ice statues (Snake:1)
  A guardian serpent (shapeshifter) (D:14)
  3 molten gargoyles (D:12)
  18 vault sentinels
  A stone giant skeleton (Crypt:3)
  7 cane toads
  6 smoke demons
  26 black mambas
  An orange demon (Depths:1)
  A gargoyle (D:13)
  9 centaur zombies
  2 unseen horrors
  A kobold demonologist (D:10)
  A catoblepas zombie (Crypt:1)
  3 centaur skeletons
  A black draconian zombie (Crypt:1)
  An orb spider zombie (Crypt:3)
  9 freezing wraiths
  3 tengu conjurers
  An iron troll zombie (Crypt:1)
  6 komodo dragons
  An efreet (D:15)
  A spark wasp simulacrum (Depths:3)
  11 rime drakes
  2 golden dragon simulacra
  4 hellwings
  4 guardian mummies (Crypt:3)
  A catoblepas skeleton (Crypt:2)
  An ice devil (IceCv)
  49 yaktaurs
  A purple draconian skeleton (Crypt:1)
  2 ancient zymes (Lair:6)
  A red devil (Depths:1)
  6 trolls
  16 hornets
  4 polar bears
  4 tyrant leeches
  A shadow dragon simulacrum (Depths:3)
  A large abomination (Lair:6)
  13 dream sheep
  5 harpy skeletons (Crypt:3)
  21 blink frogs
  A boulder beetle zombie (Crypt:1)
  A fire giant simulacrum (Depths:3)
  5 flying skulls
  A black mamba zombie (Crypt:1)
  A culicivora (shapeshifter) (D:13)
  11 spriggans
  A vampire (D:10)
  A dire elephant simulacrum (IceCv)
  5 shadows
  An ice dragon skeleton (Crypt:3)
  4 water elementals (Depths:2)
  2 fire bats (Lair:6)
  3 ynoxinuls (Lair:6)
  2 ettin skeletons (Crypt:3)
  57 yaks
  A merfolk skeleton (Crypt:3)
  5 wraiths
  7 wyverns
  2 hogs (shapeshifter)
  A neqoxec (Depths:1)
  15 steam dragons
  A chaos spawn (Depths:1)
  A fire elemental (D:12)
  10 basilisks
  Menkaure (D:7)
  A naga zombie (Crypt:1)
  5 vampire mosquitoes
  Grum (D:8)
  A wind drake skeleton (Crypt:3)
  12 swamp worms
  A harpy simulacrum (IceCv)
  A minotaur simulacrum (IceCv)
  4 wargs
  63 nagas
  14 water moccasins
  A hydra simulacrum (IceCv)
  2 hell hounds (Volcano)
  2 acid dragons
  A naga skeleton (Crypt:3)
  35 orc warriors
  2 ice beasts
  A black bear (D:7)
  A sky beast (D:7)
  6 ettin simulacra (IceCv)
  7 swamp drakes
  2 alligator simulacra (IceCv)
  A dream sheep zombie (Crypt:1)
  A swamp dragon zombie (Crypt:1)
  8 centaurs
  4 ogres (Orc:1)
  14 wolves
  A phantom (D:7)
  10 small abominations (Lair:6)
  11 bullfrogs
  A bullfrog (shapeshifter) (Lair:6)
  A gnoll sergeant (D:9)
  3 scorpions
  A draconian skeleton (Crypt:3)
  A water moccasin zombie (Crypt:3)
  19 wights
  7 killer bees
  7 electric eels
  A howler monkey (D:6)
  2 lava snakes (D:13)
  A black bear zombie (Crypt:1)
  8 jellies
  A gnoll shaman (D:9)
  26 orc priests
  3 hounds
  Jessica (D:3)
  5 iguanas
  21 orc wizards
  A human skeleton (Crypt:2)
  3 hell rats (Lair:6)
  2 mummies (D:14)
  6 gnolls
  2 river rats (Sewer)
  5 adders
  7 shadow imps
  4 ufetubi
  3 worms
  A dart slug (D:2)
  73 orcs
  12 ball pythons
  5 bats
  13 endoplasms
  7 giant cockroaches
  14 goblins
  12 hobgoblins
  4 jackals
  5 kobolds
  3 quokkas
  A ball python zombie (Crypt:2)
  4 frilled lizards
  A hobgoblin zombie (Crypt:2)
  A jackal skeleton (Crypt:2)
  A kobold zombie (Crypt:3)
  A quokka skeleton (Crypt:3)
  5 rats
  A rat skeleton (Crypt:2)
  A river rat zombie (Crypt:3)
  3 briar patches (WizLab)
1843 creatures vanquished.

Vanquished Creatures (collateral kills)
  A curse skull (Crypt:3)
  2 ironbound thunderhulks (Vaults:4)
  A vampire knight (Crypt:1)
  A naga warrior (Snake:4)
  A lindwurm (Volcano)
  2 black mambas (Snake:4)
  4 nagas (Snake:4)
12 creatures vanquished.

Vanquished Creatures (others)
  A sphinx (Vaults:3)
  An ironbound thunderhulk (Vaults:2)
  8 great orbs of eyes
  A yaktaur captain (Vaults:1)
  An ironbound frostheart (Vaults:1)
  2 centaur warriors (D:13)
  Sonja (D:13)
  5 glowing orange brains
  A deep troll (Vaults:1)
  A steelbarb worm (shapeshifter) (Vaults:5)
  3 ironbound convokers
  An orc knight (D:13)
  3 wizards
  A black mamba (Snake:3)
  A molten gargoyle (D:12)
  A torpor snail (shapeshifter) (Depths:2)
  A gargoyle (D:13)
  A komodo dragon (D:13)
  2 yaktaurs (Vaults:1)
  A rime drake (Lair:2)
  A tengu conjurer (D:12)
  A troll (D:12)
  2 bloated husks
  35 slime creatures
  A dream sheep (Lair:4)
  A yak (shapeshifter) (Depths:2)
  4 yaks
  A steam dragon (D:7)
  A redback (shapeshifter) (Gauntlet)
  A naga (shapeshifter) (Vaults:5)
  3 floating eyes
  6 water moccasins
  An ogre (Orc:2)
  2 centaurs
  A lemure (D:8)
  2 bullfrogs (Lair:4)
  A gnoll sergeant (D:13)
  A scorpion (shapeshifter) (Lair:6)
  2 wights (Crypt:3)
  2 killer bees (D:8)
  An electric eel (D:11)
  4 howler monkeys
  247 jellies
  4 orc priests
  A gnoll shaman (D:6)
  An iguana (D:7)
  8 orc wizards
  3 hell rats (Lair:6)
  A human skeleton (Crypt:2)
  13 gnolls
  An adder (D:6)
  A white imp (D:8)
  27 orcs
  4 endoplasms (Lair:6)
  2 goblins (D:9)
  3 hobgoblins (D:9)
  18 demonic plants (Gauntlet)
  4 foxfires (Swamp:3)
  49 fungi
  226 plants
  7 withered plants
731 creatures vanquished.

Grand Total: 2586 creatures vanquished

Notes
Turn   | Place    | Note
-------+----------+-------------------------------------------
     0 | D:1      | HotDog the Minotaur Fighter began the quest for the Orb.
     0 | D:1      | Reached XP level 1. HP: 19/19 MP: 0/0
   540 | D:1      | Reached XP level 2. HP: 27/27 MP: 1/1
   833 | D:2      | Found a faded altar of an unknown god.
  1152 | D:2      | Reached XP level 3. HP: 26/33 MP: 2/2
  1153 | D:2      | Reached skill level 4 in Shields
  1973 | D:3      | Reached skill level 1 in Invocations
  2087 | D:3      | Reached XP level 4. HP: 40/41 MP: 3/3
  2376 | D:3      | Identified the +1 scale mail of the Orcish Mines {Harm rC+
                  | Slay-5}
  2390 | D:3      | Reached skill level 1 in Dodging
  2602 | D:3      | Noticed Jessica
  2610 | D:3      | Found a shimmering blue altar of Sif Muna.
  2620 | D:3      | Killed Jessica
  2956 | D:3      | Reached XP level 5. HP: 11/47 MP: 4/4
  4300 | D:4      | Reached skill level 5 in Armour
  4309 | D:4      | Reached XP level 6. HP: 34/53 MP: 6/6
  4691 | D:4      | Identified the +10 whip "Luceodud" {flame, rCorr Str+4
                  | Int+7 Dex-2}
  4744 | D:5      | Entered Level 5 of the Dungeon
  4919 | D:5      | Reached skill level 5 in Fighting
  4952 | D:5      | Reached skill level 1 in Maces & Flails
  4996 | D:5      | Found a glowing drain.
  5021 | Sewer    | Entered a sewer
  5216 | Sewer    | Reached XP level 7. HP: 59/61 MP: 7/7
  5327 | Sewer    | Found a viscous altar of Jiyva.
  5348 | Sewer    | Became a worshipper of Jiyva Jaonku the Shapeless
  5416 | D:5      | Found a bloodstained altar of Trog.
  5416 | D:5      | Found a hazy altar of Hepliaklqana.
  5538 | D:5      | Reached skill level 5 in Shields
  5780 | D:6      | Reached * piety under Jiyva
  5896 | D:6      | Killed an unseen horror
  5897 | D:6      | Reached skill level 5 in Maces & Flails
  5897 | D:6      | Reached XP level 8. HP: 36/70 MP: 8/8
  6478 | D:7      | Reached ** piety under Jiyva
  6529 | D:7      | Found a staircase to the Ecumenical Temple.
  6592 | D:7      | Found a snail-covered altar of Cheibriados.
  6610 | D:7      | Found Cheibriados's Comfort Zone.
  6770 | D:7      | Noticed Menkaure
  6776 | D:7      | Killed Menkaure
  6777 | D:7      | Reached XP level 9. HP: 78/78 MP: 9/9
  6954 | D:8      | Reached skill level 6 in Shields
  7228 | D:8      | Noticed Pikel
  7247 | D:8      | Killed Pikel
  7248 | D:8      | Reached skill level 10 in Armour
  7264 | D:8      | Found a staircase to the Lair.
  7333 | D:8      | Noticed Erica
  7349 | D:8      | Killed Erica
  7350 | D:8      | Reached skill level 5 in Dodging
  7350 | D:8      | Reached XP level 10. HP: 36/88 MP: 10/10
  7421 | D:8      | Reached *** piety under Jiyva
  7550 | D:8      | Found a hide-covered altar of Uskayaw.
  7551 | D:8      | Gained mutation: You are robust. (+10% HP) [Jiyva's grace]
  7551 | D:8      | Gained mutation: You are very robust. (+20% HP) [Jiyva's
                  | grace]
  7551 | D:8      | Gained mutation: You are extremely robust. (+30% HP)
                  | [Jiyva's grace]
  7551 | D:8      | Gained mutation: You are covered in slimy tendrils that may
                  | disarm your opponents. [Jiyva's grace]
  7662 | D:8      | Reached skill level 7 in Shields
  7969 | D:8      | Reached **** piety under Jiyva
  8052 | D:8      | Noticed Grum
  8062 | D:8      | Killed Grum
  8575 | D:9      | Found a burning altar of Makhleb.
  8830 | D:9      | Reached ***** piety under Jiyva
  8949 | D:9      | Found a flagged portal.
  8958 | Bailey   | Entered a bailey
  9098 | Bailey   | Reached skill level 10 in Maces & Flails
  9245 | Bailey   | Found a large runed translucent door.
  9245 | Bailey   | Found a large runed translucent door.
  9246 | Bailey   | Noticed a deep elf zephyrmancer
  9256 | Bailey   | Noticed an orc knight
  9272 | Bailey   | Killed an orc knight
  9283 | Bailey   | Slimified a deep elf zephyrmancer
  9283 | Bailey   | a deep elf zephyrmancer changed into a slime creature
  9566 | D:9      | Gained mutation: Your flesh is cold resistant. (rC+)
                  | [Jiyva's grace]
  9566 | D:9      | Gained mutation: Your flesh is very cold resistant. (rC++)
                  | [Jiyva's grace]
  9566 | D:9      | Gained mutation: Your flesh is almost immune to the effects
                  | of cold. (rC+++) [Jiyva's grace]
  9566 | D:9      | Gained mutation: You have hidden genetic potential.
                  | [Jiyva's grace]
  9567 | D:9      | Found a shadowy altar of Dithmenos.
  9589 | D:9      | Found a sacrificial altar of Ru.
  9716 | D:9      | Found a staircase to the Orcish Mines.
 10380 | D:10     | Entered Level 10 of the Dungeon
 10397 | D:10     | Reached XP level 11. HP: 99/126 MP: 11/11
 10503 | D:10     | Noticed a two-headed ogre
 10504 | D:10     | Noticed Erolcha
 10533 | D:10     | Killed a two-headed ogre
 10698 | Lair:1   | Entered Level 1 of the Lair of Beasts
 10700 | Lair:1   | Found a runed translucent gate.
 10700 | Lair:1   | Found a runed translucent gate.
 10700 | Lair:1   | Found a runed translucent gate.
 10737 | Lair:1   | Killed a glowing orange brain
 10914 | Lair:1   | Reached skill level 8 in Shields
 11091 | Lair:1   | Gained mutation: You are partially covered in iridescent
                  | scales. (AC +2) [hidden potential]
 11463 | Lair:1   | Noticed Napalmbreeze's ghost (journeyman DsGl)
 11658 | Lair:1   | Found a viscous altar of Jiyva.
 11800 | Lair:2   | Identified a scroll of acquirement
 11802 | Lair:2   | Acquired the ring "Mism" {rC+ rN+ Int+3}
 11820 | Lair:2   | Lost mutation: Your flesh is almost immune to the effects
                  | of cold. (rC+++) [Jiyva's grace]
 11820 | Lair:2   | Lost mutation: Your flesh is very cold resistant. (rC++)
                  | [Jiyva's grace]
 11820 | Lair:2   | Lost mutation: You are extremely robust. (+30% HP) [Jiyva's
                  | grace]
 11820 | Lair:2   | Lost mutation: You are very robust. (+20% HP) [Jiyva's
                  | grace]
 11820 | Lair:2   | Gained mutation: You have a small jelly attached to you
                  | that senses nearby items. [Jiyva's grace]
 11820 | Lair:2   | Gained mutation: You have supernaturally acute eyesight.
                  | (SInv) [Jiyva's grace]
 11820 | Lair:2   | Gained mutation: You have a pair of large horns on your
                  | head. [Jiyva's grace]
 11820 | Lair:2   | Gained mutation: You are agile. (Dex +2) [Jiyva's grace]
 11861 | Lair:2   | Reached skill level 10 in Fighting
 12187 | Lair:2   | Noticed Gastronok
 12199 | Lair:2   | Killed Gastronok
 12200 | Lair:2   | Reached XP level 12. HP: 76/117 MP: 12/12
 12299 | Lair:2   | Found a dark tunnel.
 12364 | Volcano  | Entered a volcano
 12452 | Volcano  | Reached skill level 9 in Shields
 12455 | Volcano  | Gained mutation: You have a somewhat thin skeletal
                  | structure. (Dex +2, Stealth+) [hidden potential]
 12455 | Volcano  | Lost mutation: You have hidden genetic potential. [hidden
                  | potential expressed]
 12754 | Volcano  | Noticed a fire dragon
 12762 | Volcano  | Killed a fire dragon
 12922 | Lair:2   | Reached skill level 15 in Armour
 14129 | Lair:4   | Reached ****** piety under Jiyva
 14129 | Lair:4   | Lost mutation: Your flesh is cold resistant. (rC+) [Jiyva's
                  | grace]
 14129 | Lair:4   | Gained mutation: You are strong-willed. (Will+) [Jiyva's
                  | grace]
 14129 | Lair:4   | Gained mutation: You are highly strong-willed. (Will++)
                  | [Jiyva's grace]
 14129 | Lair:4   | Gained mutation: You are extremely strong-willed. (Will+++)
                  | [Jiyva's grace]
 14129 | Lair:4   | Gained mutation: You are very agile. (Dex +4) [Jiyva's
                  | grace]
 14287 | D:10     | Killed Erolcha
 14288 | D:10     | Reached XP level 13. HP: 90/128 MP: 13/13
 14998 | D:11     | Reached skill level 10 in Shields
 15367 | D:11     | Found a portal to a secret trove of treasure.
 16689 | D:13     | Noticed Urug
 16703 | D:13     | Killed Urug
 16766 | D:13     | Reached skill level 1 in Stealth
 16782 | D:13     | Lost mutation: You have a pair of large horns on your head.
                  | [Jiyva's grace]
 16782 | D:13     | Lost mutation: You are very agile. (Dex +4) [Jiyva's grace]
 16782 | D:13     | Lost mutation: You are extremely strong-willed. (Will+++)
                  | [Jiyva's grace]
 16782 | D:13     | Lost mutation: You are covered in slimy tendrils that may
                  | disarm your opponents. [Jiyva's grace]
 16782 | D:13     | Gained mutation: You have acidic saliva. [Jiyva's grace]
 16782 | D:13     | Gained mutation: Armour fits poorly on your pseudopods.
                  | [Jiyva's grace]
 16782 | D:13     | Gained mutation: Armour fits poorly on your large
                  | pseudopods. [Jiyva's grace]
 16782 | D:13     | Gained mutation: Armour fits poorly on your massive
                  | pseudopods. [Jiyva's grace]
 16805 | D:13     | Noticed Frances
 16810 | D:13     | Killed Sonja
 16832 | D:13     | Killed Frances
 16833 | D:13     | Reached skill level 11 in Shields
 16939 | D:13     | Found Aliduez's Assorted Antiques.
 17212 | D:13     | Noticed an ironbound preserver
 17229 | D:13     | Killed an ironbound preserver
 17230 | D:13     | Reached XP level 14. HP: 71/141 MP: 14/14
 17268 | D:13     | Found a gate to the Vaults.
 17687 | D:14     | Noticed a ghoul
 17712 | D:14     | Killed a ghoul
 17886 | D:14     | Noticed a ghoul
 17921 | D:14     | Killed a ghoul
 18150 | D:14     | Identified the +8 hunting sling of the Sky {vorpal, rN+
                  | Will++ Stlth+}
 18883 | D:15     | Entered Level 15 of the Dungeon
 18883 | D:15     | Found a gate leading to a gauntlet.
 18893 | D:15     | Reached skill level 12 in Shields
 18931 | Gauntlet | Entered a Gauntlet
 18931 | Gauntlet | Found a transporter.
 18941 | Gauntlet | Found a transporter.
 18981 | Gauntlet | Found a transporter.
 18983 | Gauntlet | Found a transporter.
 19012 | Gauntlet | Found a transporter.
 19016 | Gauntlet | Found a transporter.
 19251 | Gauntlet | Found a transporter.
 19281 | Gauntlet | Found a transporter.
 19309 | Gauntlet | Found a transporter.
 19346 | Gauntlet | Found a transporter.
 19348 | Gauntlet | Found a transporter.
 19844 | D:15     | Lost mutation: You are partially covered in iridescent
                  | scales. (AC +2) [Jiyva's grace]
 19844 | D:15     | Gained mutation: Your translucent skin slightly reduces
                  | your foes' accuracy. (Stealth+) [Jiyva's grace]
 19844 | D:15     | Gained mutation: Your translucent skin reduces your foes'
                  | accuracy. (Stealth+) [Jiyva's grace]
 19844 | D:15     | Gained mutation: Your transparent skin significantly
                  | reduces your foes' accuracy. (Stealth+) [Jiyva's grace]
 19844 | D:15     | Gained mutation: Your system is resistant to poisons.
                  | (rPois) [Jiyva's grace]
 20059 | D:15     | Noticed a stone giant
 20074 | D:15     | Killed a stone giant
 20096 | D:15     | Found a staircase to the Depths.
 20150 | D:15     | Reached skill level 13 in Shields
 20214 | D:15     | Reached XP level 15. HP: 138/151 MP: 15/15
 20844 | Lair:4   | Found a staircase to the Swamp.
 21059 | Lair:4   | Found a staircase to the Snake Pit.
 21646 | Lair:5   | You fall into a shaft and drop 1 floor!
 21646 | Lair:6   | Entered Level 6 of the Lair of Beasts
 21646 | Lair:6   | Found a one-way gate to the infinite horrors of the Abyss.
 21646 | Lair:6   | Found a corrupted altar of Lugonu.
 21740 | Lair:6   | Lost mutation: You have supernaturally acute eyesight.
                  | (SInv) [Jiyva's grace]
 21740 | Lair:6   | Lost mutation: You are agile. (Dex +2) [Jiyva's grace]
 21740 | Lair:6   | Lost mutation: Armour fits poorly on your massive
                  | pseudopods. [Jiyva's grace]
 21740 | Lair:6   | Gained mutation: You are covered in slimy tendrils that may
                  | disarm your opponents. [Jiyva's grace]
 21740 | Lair:6   | Gained mutation: You are very robust. (+20% HP) [Jiyva's
                  | grace]
 21740 | Lair:6   | Gained mutation: You are extremely robust. (+30% HP)
                  | [Jiyva's grace]
 21740 | Lair:6   | Gained mutation: You have a beak for a mouth. [Jiyva's
                  | grace]
 21810 | Lair:6   | Reached skill level 14 in Shields
 21852 | Lair:6   | Identified the +8 chain mail of the Journeyman {rPois rN+
                  | Regen+ Dex-3}
 21889 | Lair:6   | Reached skill level 10 in Dodging
 21930 | Lair:6   | Found a staircase to the Slime Pits.
 21940 | Lair:6   | Reached skill level 15 in Maces & Flails
 22761 | Orc:1    | Entered Level 1 of the Orcish Mines
 22984 | Orc:1    | Lost mutation: You have a somewhat thin skeletal structure.
                  | (Dex +2, Stealth+) [Jiyva's grace]
 22984 | Orc:1    | Lost mutation: You are extremely robust. (+30% HP) [Jiyva's
                  | grace]
 22984 | Orc:1    | Lost mutation: You have acidic saliva. [Jiyva's grace]
 22984 | Orc:1    | Lost mutation: You are covered in slimy tendrils that may
                  | disarm your opponents. [Jiyva's grace]
 22984 | Orc:1    | Gained mutation: Your natural rate of healing is unusually
                  | fast. [Jiyva's grace]
 22984 | Orc:1    | Gained mutation: You heal very quickly. [Jiyva's grace]
 22984 | Orc:1    | Gained mutation: You regenerate. [Jiyva's grace]
 22984 | Orc:1    | Gained mutation: You are extremely strong-willed. (Will+++)
                  | [Jiyva's grace]
 23238 | Orc:2    | Entered Level 2 of the Orcish Mines
 23250 | Orc:2    | Found a staircase to the Elven Halls.
 23325 | Orc:2    | Reached skill level 15 in Shields
 23358 | Orc:2    | Noticed an orc warlord
 23392 | Orc:2    | Reached skill level 15 in Fighting
 23394 | Orc:2    | Killed an orc warlord
 23638 | Orc:2    | Found Xeashrace's Antique Armour Boutique.
 23639 | Orc:2    | Found Xilol's Antique Weapon Shop.
 23650 | Orc:2    | Found Woguyr's General Store.
 23650 | Orc:2    | Found Ralockod's Book Boutique.
 23657 | Orc:2    | Bought a pair of boots for 153 gold pieces
 23665 | Orc:2    | Bought a potion of ambrosia for 96 gold pieces
 24130 | Swamp:1  | Entered Level 1 of the Swamp
 24271 | Swamp:1  | Noticed a fenstrider witch
 24294 | Swamp:2  | Reached XP level 16. HP: 99/178 MP: 16/16
 24369 | Swamp:2  | Reached skill level 16 in Shields
 24663 | Swamp:2  | Lost mutation: You are extremely strong-willed. (Will+++)
                  | [Jiyva's grace]
 24663 | Swamp:2  | Lost mutation: You are highly strong-willed. (Will++)
                  | [Jiyva's grace]
 24663 | Swamp:2  | Lost mutation: You regenerate. [Jiyva's grace]
 24663 | Swamp:2  | Lost mutation: You have a small jelly attached to you that
                  | senses nearby items. [Jiyva's grace]
 24663 | Swamp:2  | Gained mutation: You have a small jelly attached to you
                  | that may absorb projectiles. [Jiyva's grace]
 24663 | Swamp:2  | Gained mutation: You are covered in slimy tendrils that may
                  | disarm your opponents. [Jiyva's grace]
 24663 | Swamp:2  | Gained mutation: You expend magic power (3 MP) to
                  | strengthen your wands. [Jiyva's grace]
 24663 | Swamp:2  | Gained mutation: Your flesh is heat resistant. (rF+)
                  | [Jiyva's grace]
 25245 | Swamp:1  | Noticed Nikola
 25265 | Swamp:1  | Killed Nikola
 25617 | Swamp:3  | Noticed Donald
 25631 | Swamp:3  | Killed Donald
 25864 | Snake:1  | Entered Level 1 of the Snake Pit
 25960 | Snake:1  | Found a frozen archway.
 25997 | Snake:1  | Reached skill level 17 in Shields
 26042 | IceCv    | Entered an ice cave
 26693 | Snake:1  | Found an ornate altar of the Wu Jian Council.
 27069 | Snake:1  | Reached skill level 18 in Shields
 27342 | Snake:2  | Reached XP level 17. HP: 184/190 MP: 17/17
 27483 | Snake:2  | Lost mutation: You have a beak for a mouth. [Jiyva's grace]
 27483 | Snake:2  | Lost mutation: Armour fits poorly on your large pseudopods.
                  | [Jiyva's grace]
 27483 | Snake:2  | Lost mutation: Armour fits poorly on your pseudopods.
                  | [Jiyva's grace]
 27483 | Snake:2  | Lost mutation: Your transparent skin significantly reduces
                  | your foes' accuracy. (Stealth+) [Jiyva's grace]
 27483 | Snake:2  | Lost mutation: You are covered in slimy tendrils that may
                  | disarm your opponents. [Jiyva's grace]
 27483 | Snake:2  | Gained mutation: You have acidic saliva. [Jiyva's grace]
 27483 | Snake:2  | Gained mutation: Your muscles are strong. (Str +2) [Jiyva's
                  | grace]
 27483 | Snake:2  | Gained mutation: Your muscles are very strong. (Str +4)
                  | [Jiyva's grace]
 27483 | Snake:2  | Gained mutation: Your melee attacks may engulf your foes in
                  | ooze. [Jiyva's grace]
 28142 | Snake:2  | Acquired a +0 demon blade of electrocution
 28580 | Snake:3  | Reached skill level 19 in Shields
 28601 | Snake:3  | Noticed Widid's ghost (adept TeFE)
 28639 | Snake:3  | Found a transporter.
 28643 | Snake:3  | Found a transporter.
 28774 | Snake:3  | Lost mutation: Your flesh is heat resistant. (rF+) [Jiyva's
                  | grace]
 28774 | Snake:3  | Lost mutation: You heal very quickly. [Jiyva's grace]
 28774 | Snake:3  | Lost mutation: You are very robust. (+20% HP) [Jiyva's
                  | grace]
 28774 | Snake:3  | Gained mutation: You have a pair of large horns on your
                  | head. [Jiyva's grace]
 28774 | Snake:3  | Gained mutation: You have sharp toenails. [Jiyva's grace]
 28774 | Snake:3  | Gained mutation: You have razor-sharp toenails. [Jiyva's
                  | grace]
 28774 | Snake:3  | Gained mutation: You have claws for feet. [Jiyva's grace]
 29409 | Snake:3  | Killed Widid's ghost
 29651 | Lair:1   | Killed Napalmbreeze's ghost
 29807 | Snake:4  | Entered Level 4 of the Snake Pit
 29818 | Snake:4  | Found Vulumah's Jewellery Shop.
 29819 | Snake:4  | Found Leqico Othao's General Store.
 30239 | Snake:4  | Reached skill level 20 in Shields
 30362 | Snake:4  | Found a transporter.
 30653 | Snake:4  | Reached XP level 18. HP: 173/185 MP: 18/18
 30892 | Snake:4  | Got a serpentine rune of Zot
 31003 | Snake:4  | Reached skill level 21 in Shields
 31211 | Snake:4  | Found a transporter.
 31212 | Snake:4  | Noticed raistware's ghost (adept HuCj)
 31699 | Swamp:4  | Entered Level 4 of the Swamp
 32332 | Swamp:4  | Lost mutation: You are robust. (+10% HP) [Jiyva's grace]
 32332 | Swamp:4  | Lost mutation: You have acidic saliva. [Jiyva's grace]
 32332 | Swamp:4  | Lost mutation: Your melee attacks may engulf your foes in
                  | ooze. [Jiyva's grace]
 32332 | Swamp:4  | Gained mutation: You are partially covered in iridescent
                  | scales. (AC +2) [Jiyva's grace]
 32332 | Swamp:4  | Gained mutation: You are mostly covered in iridescent
                  | scales. (AC +4) [Jiyva's grace]
 32332 | Swamp:4  | Gained mutation: You are completely covered in iridescent
                  | scales. (AC +6) [Jiyva's grace]
 32332 | Swamp:4  | Gained mutation: Your body has grown eyes which may confuse
                  | attackers. (Acc +3) [Jiyva's grace]
 32350 | Swamp:4  | Got a decaying rune of Zot
 32790 | Slime:1  | Entered Level 1 of the Pits of Slime
 32822 | Slime:5  | Entered Level 5 of the Pits of Slime
 32839 | Slime:5  | Found a viscous altar of Jiyva.
 32840 | Slime:5  | Noticed the Royal Jelly
 32850 | Slime:5  | Got a slimy rune of Zot
 32856 | Slime:5  | Identified the +1 ice dragon scales of Pragmatism {rPois
                  | rF- rC++}
 32861 | Slime:5  | Identified the +2 plate armour "Ytolel" {Will- Str+5 Dex+4
                  | Slay-2}
 32873 | Slime:5  | Identified the -2 cloak "Qoylisen" {rC+}
 32883 | Slime:5  | Identified the +9 plate armour "Tygheegi" {rF+}
 33145 | Vaults:1 | Entered Level 1 of the Vaults
 33187 | Vaults:1 | Reached skill level 22 in Shields
 33591 | Vaults:1 | Reached XP level 19. HP: 171/178 MP: 19/19
 34068 | Vaults:1 | Reached skill level 23 in Shields
 34475 | Vaults:2 | You fall into a shaft and drop 2 floors!
 34779 | Vaults:2 | Lost mutation: You have claws for feet. [Jiyva's grace]
 34779 | Vaults:2 | Lost mutation: Your system is resistant to poisons. (rPois)
                  | [Jiyva's grace]
 34779 | Vaults:2 | Lost mutation: Your muscles are very strong. (Str +4)
                  | [Jiyva's grace]
 34779 | Vaults:2 | Lost mutation: Your translucent skin reduces your foes'
                  | accuracy. (Stealth+) [Jiyva's grace]
 34779 | Vaults:2 | Lost mutation: You expend magic power (3 MP) to strengthen
                  | your wands. [Jiyva's grace]
 34779 | Vaults:2 | Gained mutation: Your body has grown many eyes which may
                  | confuse attackers. (Acc +5) [Jiyva's grace]
 34779 | Vaults:2 | Gained mutation: Your body is covered in eyes which may
                  | confuse attackers. (Acc +7, SInv) [Jiyva's grace]
 34779 | Vaults:2 | Gained mutation: You possess an exceptional clarity of
                  | mind. [Jiyva's grace]
 34779 | Vaults:2 | Gained mutation: You are covered in fur. (AC +1) [Jiyva's
                  | grace]
 35609 | Vaults:2 | Reached skill level 24 in Shields
 36059 | Vaults:3 | Noticed Asterion
 36072 | Vaults:3 | Killed Asterion
 36251 | Vaults:3 | Found a staircase to the Crypt.
 36450 | Vaults:4 | Found Seteos's Armour Shop.
 36478 | Vaults:4 | Reached XP level 20. HP: 186/189 MP: 20/20
 36945 | Vaults:4 | Lost mutation: You have razor-sharp toenails. [Jiyva's
                  | grace]
 36945 | Vaults:4 | Lost mutation: You have sharp toenails. [Jiyva's grace]
 36945 | Vaults:4 | Lost mutation: Your body is covered in eyes which may
                  | confuse attackers. (Acc +7, SInv) [Jiyva's grace]
 36945 | Vaults:4 | Lost mutation: Your translucent skin slightly reduces your
                  | foes' accuracy. (Stealth+) [Jiyva's grace]
 36945 | Vaults:4 | Gained mutation: Your translucent skin slightly reduces
                  | your foes' accuracy. (Stealth+) [Jiyva's grace]
 36945 | Vaults:4 | Gained mutation: Your translucent skin reduces your foes'
                  | accuracy. (Stealth+) [Jiyva's grace]
 36945 | Vaults:4 | Gained mutation: Your transparent skin significantly
                  | reduces your foes' accuracy. (Stealth+) [Jiyva's grace]
 36945 | Vaults:4 | Gained mutation: Your body is covered in eyes which may
                  | confuse attackers. (Acc +7, SInv) [Jiyva's grace]
 37715 | Crypt:1  | Entered Level 1 of the Crypt
 37828 | Crypt:1  | Paralysed by a vampire knight for 2 turns
 37854 | Crypt:1  | Reached skill level 25 in Shields
 38039 | Crypt:1  | Got the Grimoire of Black Rites
 38169 | Crypt:1  | Paralysed by a vampire knight for 6 turns
 38627 | Crypt:2  | Found an ancient bone altar of Kikubaaqudgha.
 39008 | Crypt:2  | Noticed Zenata
 39042 | Crypt:2  | Killed Zenata
 39443 | Crypt:2  | Reached XP level 21. HP: 186/198 MP: 21/21
 39501 | Crypt:2  | Lost mutation: You are completely covered in iridescent
                  | scales. (AC +6) [Jiyva's grace]
 39501 | Crypt:2  | Gained mutation: You are covered in thick fur. (AC +2)
                  | [Jiyva's grace]
 39501 | Crypt:2  | Gained mutation: Your thick and shaggy fur keeps you warm.
                  | (AC +3, rC+) [Jiyva's grace]
 39501 | Crypt:2  | Gained mutation: You are highly strong-willed. (Will++)
                  | [Jiyva's grace]
 39501 | Crypt:2  | Gained mutation: You are extremely strong-willed. (Will+++)
                  | [Jiyva's grace]
 39643 | Crypt:3  | Entered Level 3 of the Crypt
 39710 | Crypt:3  | Found a staircase to the Tomb.
 39790 | Crypt:3  | Found a magical portal.
 39840 | WizLab   | Entered Eringya's Formal Garden
 39934 | WizLab   | Reached skill level 26 in Shields
 40096 | WizLab   | Reached skill level 5 in Stealth
 40137 | WizLab   | Found a blossoming altar of Fedhas.
 40245 | WizLab   | Got Sif Muna's Almanac of Unstable Ice
 41170 | Crypt:3  | Reached skill level 15 in Dodging
 41552 | Crypt:3  | Noticed an ancient lich
 41564 | Crypt:3  | Killed an ancient lich
 41570 | Crypt:3  | Got Zibbahuc's Guide on Evil Rites
 41588 | Crypt:3  | Identified the ring of Test {Wiz rN++}
 41589 | Crypt:3  | Identified the ring "Setadin" {rN+ Dex+2 Slay+2}
 41874 | Crypt:3  | Reached skill level 27 in Shields
 42209 | Depths:1 | Entered Level 1 of the Depths
 42211 | Depths:1 | Found a broken altar of Ashenzari.
 42350 | Depths:1 | Found a gateway to Hell.
 42350 | Depths:1 | Noticed a juggernaut
 42374 | Depths:1 | Killed a juggernaut
 42455 | Depths:1 | Noticed a caustic shrike
 42463 | Depths:1 | Noticed a juggernaut
 42464 | Depths:1 | Killed a caustic shrike
 42465 | Depths:1 | Reached XP level 22. HP: 157/209 MP: 19/22
 42603 | Depths:2 | Found a one-way gateway to a ziggurat.
 43228 | Depths:1 | Gained mutation: You are dopey. (Int -2) [a cacodemon]
 43326 | Depths:1 | Killed a juggernaut
 43570 | Depths:1 | Lost mutation: You are dopey. (Int -2) [Jiyva's grace]
 43570 | Depths:1 | Lost mutation: You are extremely strong-willed. (Will+++)
                  | [Jiyva's grace]
 43570 | Depths:1 | Lost mutation: You are highly strong-willed. (Will++)
                  | [Jiyva's grace]
 43570 | Depths:1 | Lost mutation: You are strong-willed. (Will+) [Jiyva's
                  | grace]
 43570 | Depths:1 | Lost mutation: Your natural rate of healing is unusually
                  | fast. [Jiyva's grace]
 43570 | Depths:1 | Lost mutation: Your thick and shaggy fur keeps you warm.
                  | (AC +3, rC+) [Jiyva's grace]
 43570 | Depths:1 | Lost mutation: Your muscles are strong. (Str +2) [Jiyva's
                  | grace]
 43570 | Depths:1 | Lost mutation: Your body is covered in eyes which may
                  | confuse attackers. (Acc +7, SInv) [Jiyva's grace]
 43570 | Depths:1 | Lost mutation: Your transparent skin significantly reduces
                  | your foes' accuracy. (Stealth+) [Jiyva's grace]
 43570 | Depths:1 | Gained mutation: Your flesh is heat resistant. (rF+)
                  | [Jiyva's grace]
 43570 | Depths:1 | Gained mutation: Your flesh is very heat resistant. (rF++)
                  | [Jiyva's grace]
 43570 | Depths:1 | Gained mutation: Your flesh is almost immune to the effects
                  | of heat. (rF+++) [Jiyva's grace]
 43570 | Depths:1 | Gained mutation: Your flesh is cold resistant. (rC+)
                  | [Jiyva's grace]
 43690 | Depths:1 | Identified the +1 glaive "Seqeossu" {venom, rElec rF- rCorr
                  | Str+4}
 43694 | Depths:1 | Found Cyesaula's Assorted Antiques.
 43717 | Depths:1 | Bought a scroll of summoning for 389 gold pieces
 43883 | Depths:1 | Found a one-way gate leading to the halls of Pandemonium.
 44122 | Depths:2 | Found Nast's Distillery.
 44124 | Depths:2 | Found Etulih's Distillery.
 44126 | Depths:2 | Found Neriybitz's Weapon Shoppe.
 44130 | Depths:2 | Bought a potion of might for 56 gold pieces
 44130 | Depths:2 | Bought a potion of curing for 42 gold pieces
 44130 | Depths:2 | Bought a potion of heal wounds for 70 gold pieces
 44135 | Depths:2 | Bought a potion of heal wounds for 110 gold pieces
 44135 | Depths:2 | Bought a potion of heal wounds for 110 gold pieces
 44135 | Depths:2 | Bought 2 potions of berserk rage for 220 gold pieces
 44368 | Depths:2 | Found a corrupted altar of Lugonu.
 44515 | Depths:2 | Identified the -7 helmet "Ewaac" {+Inv Will- rCorr Str+3}
 45112 | Depths:3 | Identified the ring "Dowe" {Ice MP+9 Int+4}
 45112 | Depths:3 | Noticed Josephina
 45138 | Depths:3 | Killed Josephina
 45161 | Depths:3 | Noticed Sojobo
 45198 | Depths:3 | Killed Sojobo
 45250 | Depths:3 | Found a transporter.
 45250 | Depths:3 | Noticed a juggernaut
 45279 | Depths:3 | Killed a juggernaut
 45287 | Depths:3 | Found a transporter.
 45348 | Depths:3 | Noticed a juggernaut
 45364 | Depths:3 | Killed a juggernaut
 45483 | Depths:3 | Identified the ring of Seungyfa {rElec rF+ Str-2 Int+3
                  | Slay+5}
 45654 | Depths:3 | Reached XP level 23. HP: 170/222 MP: 23/23
 45676 | Depths:3 | Lost mutation: You have a pair of large horns on your head.
                  | [Jiyva's grace]
 45676 | Depths:3 | Lost mutation: Your flesh is cold resistant. (rC+) [Jiyva's
                  | grace]
 45676 | Depths:3 | Lost mutation: Your flesh is almost immune to the effects
                  | of heat. (rF+++) [Jiyva's grace]
 45676 | Depths:3 | Lost mutation: Your flesh is very heat resistant. (rF++)
                  | [Jiyva's grace]
 45676 | Depths:3 | Lost mutation: You are covered in thick fur. (AC +2)
                  | [Jiyva's grace]
 45676 | Depths:3 | Lost mutation: You have a small jelly attached to you that
                  | may absorb projectiles. [Jiyva's grace]
 45676 | Depths:3 | Gained mutation: Your rubbery body absorbs attacks. (AC +1,
                  | EV +1) [Jiyva's grace]
 45676 | Depths:3 | Gained mutation: Your pliable body absorbs attacks. (AC +2,
                  | EV +2) [Jiyva's grace]
 45676 | Depths:3 | Gained mutation: Your gelatinous body deflects attacks. (AC
                  | +3, EV +3) [Jiyva's grace]
 45676 | Depths:3 | Gained mutation: You have sharp toenails. [Jiyva's grace]
 45686 | Depths:3 | Found an ancient bone altar of Kikubaaqudgha.
 45712 | Depths:3 | Identified the ring "Imoxoacs" {rC+ Str+6 Int-4 Dex+2
                  | Slay+2}
 45941 | Depths:3 | Identified the ring of Fanaticism {Ice Drain rPois rN++
                  | rCorr Int+3}
 45981 | Depths:3 | Acquired an amulet of regeneration
 46270 | Depths:4 | Entered Level 4 of the Depths
 46595 | Depths:4 | Found a gate to the Realm of Zot.
 46812 | Depths:4 | Noticed a juggernaut
 46833 | Depths:4 | Killed a juggernaut
 47106 | Depths:4 | Noticed Frederick
 47118 | Depths:4 | Killed Frederick
 47414 | Depths:4 | Acquired 576 gold pieces
 47704 | Vaults:5 | Entered Level 5 of the Vaults
 48081 | Vaults:5 | Noticed a dread lich
 48150 | Vaults:4 | Killed a dread lich
 48520 | Vaults:5 | Reached XP level 24. HP: 147/237 MP: 23/23
 48607 | Vaults:5 | Identified the +6 hand crossbow of the Shrinking Pill Bug
                  | {vorpal, rC+ rN+ Dex+3 SInv}
 48612 | Vaults:5 | Noticed a dread lich
 49165 | Vaults:4 | Paralysed by something for 7 turns
 49170 | Vaults:4 | HP: 11/226 [Brimstone Fiend[a dread lich] (9)]
 49172 | Vaults:4 | Slain by a Brimstone Fiend

Illustrated notes

Levels and vault maps discovered:
D:1:      minmay_arrival_four_houses, layout_basic, nicolae_figureground_sparkle
D:2:      layout_basic, ebering_ecumenical_altar_webs, serial_co_window_serial,
          co_window_paths_a, co_window_paths_a, co_window_of_opportunity_a,
          co_window_of_opportunity_a, co_window_of_opportunity_a,
          co_window_cross_1, co_window_broadway_a, co_window_paths_c,
          co_window_unsneaky_path_c, co_window_corner_b,
          co_window_unsneaky_path_c, co_window_corner_b, glass_columns_b,
          glass_columns_a, glass_columns_c
D:3:      cheibrodos_old_hovel, layout_rooms, tgw_sif
D:4:      layout_cave_pools, minmay_pentangle
D:5:      layout_cave_pools, jmf_multi_god_temple, portal_sewer_entry_f
D:6:      layout_rooms, kennysheep_donut
D:7:      layout_cave_pools, minmay_temple_entry_statues, st_stairs_11,
          minmay_shop_chei, uniq_menkaure
D:8:      layout_layer_cave, mainiacjoe_overflow_catwalk,
          minmay_lair_entry_grove, minmay_manual_mandibuliform, uniq_pikel,
          uniq_grum, uniq_erica
D:9:      layout_layer_cave, mainiacjoe_overflow_concentric_impassable,
          mainiacjoe_overflow_alcove_2, nicolae_overflow_hidden_temple,
          erik_orc_3, enter_bailey_7
D:10:     layout_roguey, serial_bayou, serial_bayou_pond_e,
          serial_bayou_crossing, serial_bayou_lagoon_a, serial_bayou_shore_a,
          serial_bayou_pond_d, uniq_erolcha
D:11:     cheibrodos_grave_circle, layout_basic, nicolae_trove_entry_crossroad
D:12:     layout_roguey, minivault_8
D:13:     layout_rooms, skrybe_vaults_entry_preservation, serial_bayou,
          serial_bayou_pond_e, serial_bayou_pond_a, serial_bayou_pond_e,
          serial_bayou_ford_a, serial_shops, nicolae_inconvenience_store,
          uniq_frances, uniq_urug, uniq_sonja
D:14:     layout_layer_cave, hangedman_decor_diamond_cutter, serial_undead,
          serial_undead_c, serial_undead_b, serial_undead_e, serial_undead_b,
          serial_undead_a
D:15:     grunt_enter_depths_snipers, layout_irregular_city,
          gauntlet_entry_generic, st_stairs_5, chequers_hall_statues_y
Lair:1:   layout_roguey, gammafunk_ghost_ooze
Lair:2:   layout_chaotic_city, enter_volcano_2, bobbens_dragon_lair_wall,
          lemuel_fruit_fields, uniq_gastronok
Lair:3:   layout_layer_cave, grunt_megastairs_5
Lair:4:   layout_gridlike, swamp_mist, guppyfry_snake_entry_island,
          beast_lair_carwin_2
Lair:5:   minmay_lair_oklob_tunnel, layout_long_grid
Lair:6:   hellmonk_lair_end_abyssal_woods, layout_gridlike,
          nicolae_slime_entry_slimehenge, chequers_serial_rivers_small_b,
          grunt_megastairs_1
Swamp:1:  layout_falls_marsh, evilmike_swamp_ruin_rubble_1, uniq_nikola
Swamp:2:  layout_basic_swamp, evilmike_swamp_ruin_house_3, swamp_pool1
Swamp:3:  layout_falls_marsh, nicolae_swamp_little_swirl,
          infiniplex_staircase_pool, uniq_donald
Swamp:4:  swamp, layout_basic_swamp
Snake:1:  layout_misc_corridors, portal_ice_cave_entry_ice_statue_two,
          nicolae_snake_single_loop, lemuel_oklob_altar
Snake:2:  layout_onion_interference
Snake:3:  layout_gridlike, gammafunk_ghost_arena, nicolae_snake_gridmaze_swirls,
          nrook_guardian_serpent_double
Snake:4:  grunt_snake_rune_spirals, layout_onion, special_room,
          gammafunk_ghost_berserking_beasts, nicolae_wooded_promenade
Slime:1:  layout_caves
Slime:2:  layout_caves, uniq_dissolution
Slime:3:  nicolae_slime_jelly_donut, layout_caves,
          nicolae_slime_ancient_tower_intersection,
          cheibrodos_slime_lost_civilization_7
Slime:4:  layout_caves
Slime:5
Orc:1:    layout_caves, statue_in_the_mist_lemuel
Orc:2:    st_orc_congregation, layout_caves, nicolae_orc_jurassic_orc,
          hellmonk_bongcloud_opening
Vaults:1: v_alt_pattern_2, v_pattern_4, ontoclasm_vaults_chip,
          vaults_room_fancy_cross, nicolae_vaults_what_the_h,
          nicolae_vaults_statue_guard, vaults_dpeg_hooks, v_misc_27,
          nicolae_vaults_alarming, layout_vaults_omnigrid
Vaults:2: v_misc_30, v_misc_22, st_more_cells, hangedman_vaults_snaps,
          grunt_vaults_focal, nicolae_vaults_triangles,
          ontoclasm_vaults_ring_square, vaults_mumra_hex, hangedman_vaults_maws,
          nicolae_vaults_angled_halls, vaults_mumra_minichess_inversion,
          nicolae_vaults_ring_of_whatevers, vaults_dpeg_spiral,
          layout_vaults_omnibox
Vaults:3: vaults_standard_mumra_lines, nicolae_vaults_little_squares_3,
          nicolae_vaults_yaktaur_gun_rack, minmay_crypt_entry_simple_round,
          vaults_mumra_bighexcomb, nicolae_vaults_circle_grid_b, v_misc_16,
          vaults_dpeg_ring, ontoclasm_vaults_shuriken, layout_vaults_maze_bifur,
          uniq_asterion
Vaults:4: vaults_mumra_chevron_long, vaults_room_pools, st_spiral_rooms,
          hangedman_vaults_slice, ontoclasm_vaults_decontamination,
          ontoclasm_vaults_gateway, layout_vaults_chaotic_city, serial_shops,
          nicolae_shop_waterfront
Vaults:5
Crypt:1:  layout_rooms, special_room [special_room_morgue]
Crypt:2:  layout_misc_corridors, basic_altar, uniq_zenata
Crypt:3:  due_elkab, layout_chaotic_city, tomb_entry_simple_bobbens,
          lightli_enter_wizlab_magi_temple
Depths:1: minmay_central_circle, layout_cave_pools, serial_shops, shop_statue,
          grunt_pan_entry_zigzag, hell_entry, nicolae_ashenzari_panopticon
Depths:2: minmay_the_grid_square_5x5_4x4
          [minmay_the_grid_square_5x5_intrusive_squares,
          minmay_the_grid_square_5x5_three_small,
          minmay_the_grid_square_5x5_pentomino_r, minmay_the_grid_square_5x5_z,
          minmay_the_grid_square_5x5_n, minmay_the_grid_square_5x5_prize_itemx,
          minmay_the_grid_square_5x5_prize_open,
          minmay_the_grid_square_5x5_shuriken, minmay_the_grid_square_5x5_plus,
          minmay_the_grid_square_5x5_prize_deathbox,
          minmay_the_grid_square_5x5_prize_junk,
          minmay_the_grid_square_5x5_hollow_slash,
          minmay_the_grid_square_5x5_beaten_path,
          minmay_the_grid_square_5x5_half_checkered,
          minmay_the_grid_square_5x5_empty,
          minmay_the_grid_square_5x5_sharp_hourglass], layout_gridville,
          enter_ziggurat_e, pan_entry, abyss_entry_flame_altar,
          chequers_big_river, hell_entry, minmay_staircase_windowed_small,
          minmay_shop_star
Depths:3: hangedman_spin_cycle, abyss_entry, serial_shops, hell_entry,
          uniq_josephina
Depths:4: evilmike_zot_entry_basic, layout_long_grid, grunt_decor_cap,
          rand_demon_pan_entry_1, hangedman_coc_ice_floe,
          hangedman_abyss_or_decor_stabs, lemuel_nasty_fountain, uniq_frederick

Skill      XL: |  1  2  3  4  5  6  7  8  9 10 11 12 13 14 15 16 17 18 19 20 21 22 23 24 |
---------------+-------------------------------------------------------------------------+-----
Fighting       | 4 5 6 7 9 10 11 13 14 15 16 17 18 19 20 21 23 24 | 24.1
Armour         | 4 5 6 8 10 11 13 15 17 18 19 20 21 22 23 24 | 24.4
Shields        | 4 5 6 7 8 9 11 13 15 18 20 22 24 25 27 | 27.0
Invocations    | 1 2 |  2.2
Long Blades    | 3 4 |  4.3
Dodging        | 1 2 3 4 5 7 8 9 10 11 12 13 14 15 16 17 | 17.0
Maces & Flails | 1 5 6 8 10 11 12 13 14 15 16 17 18 19 21 22 | 22.9
Stealth        | 1 2 4 5 6 |  6.2

Action                   |  1- 3 |  4- 6 |  7- 9 | 10-12 | 13-15 | 16-18 | 19-21 | 22-24 || total
-------------------------+-------+-------+-------+-------+-------+-------+-------+-------++-------
Melee: Long sword        |    77 |   123 |       |       |       |       |       |       ||   200
       Headbutt          |     4 |    20 |    19 |   135 |   318 |   452 |   869 |   556 ||  2373
       Whip              |       |    63 |   169 |   557 |  1386 |  1724 |  2186 |  1369 ||  7454
       Pseudopods        |       |       |       |       |   265 |   189 |       |       ||   454
       Bite              |       |       |       |       |   142 |   134 |       |       ||   276
       Peck              |       |       |       |       |   112 |   181 |       |       ||   293
       Kick              |       |       |       |       |       |   379 |   379 |       ||   758
Throw: Throwing net      |       |       |       |       |     1 |       |     1 |       ||     2
Invok: Slimify           |       |       |       |     1 |       |     1 |       |       ||     2
       Oozemancy         |       |       |       |     3 |    11 |    12 |    14 |     8 ||    48
  Use: Scroll            |     3 |     8 |       |    12 |     3 |     7 |     4 |     8 ||    45
       Potion            |     1 |     5 |     1 |     2 |     1 |       |       |     4 ||    14
 Stab: Invisible         |       |     1 |       |       |       |       |       |       ||     1
       Distracted        |       |       |       |       |     2 |       |     1 |       ||     3
       Confused          |       |       |       |       |       |       |    95 |    40 ||   135
Armor: Scale mail        |    38 |    51 |       |       |       |       |       |       ||    89
       Skin              |       |    80 |       |       |       |       |       |       ||    80
       Chain mail        |       |    54 |    93 |   172 |    38 |       |       |       ||   357
       Plate armour      |       |       |       |       |   141 |       |       |       ||   141
       Crystal plate arm |       |       |       |       |   170 |   495 |   336 |   519 ||  1520
Dodge: Dodged            |    37 |    97 |    49 |   171 |   274 |   405 |   417 |   495 ||  1945
Block: Buckler           |    14 |    50 |    24 |   107 |   161 |       |       |       ||   356
       Reflection        |       |       |       |       |    12 |   185 |   140 |    13 ||   350
       Kite shield       |       |       |       |       |   592 |  1608 |  1555 |  1182 ||  4937

Table legend: (Time is in decaauts)
 A = Elapsed time spent in this place.
 B = Non-inter-level travel time spent in this place.
 C = Inter-level travel time spent in this place.
 D = Time resting spent in this place.
 E = Time spent auto-exploring this place.
 F = Levels seen in this place.
 G = Mean time per level.
                   A        B        C        D        E       F      G
               +--------+--------+--------+--------+--------+-----+--------+
         Total |  46365 |  42965 |   3400 |   7356 |  24025 |  54 |  858.6 |
       Dungeon |  16030 |  14624 |   1406 |   2518 |   9387 |  15 | 1068.7 |
          Lair |   5008 |   4427 |    581 |    485 |   2694 |   6 |  834.7 |
         Swamp |   2802 |   2597 |    205 |    442 |   1501 |   4 |  700.5 |
     Snake Pit |   4845 |   4506 |    339 |    555 |   2442 |   4 | 1211.2 |
    Slime Pits |    155 |     98 |     57 |      0 |      0 |   5 |   31.0 |
  Orcish Mines |   1204 |   1168 |     36 |     90 |    768 |   2 |  602.0 |
        Vaults |   5687 |   5283 |    404 |   1183 |   2823 |   5 | 1137.4 |
         Crypt |   3087 |   2966 |    121 |    435 |   1350 |   3 | 1029.0 |
        Depths |   4697 |   4448 |    249 |    813 |   2228 |   4 | 1174.2 |
         Sewer |    392 |    392 |      0 |      0 |    234 |   1 |  392.0 |
        Bailey |    355 |    355 |      0 |    156 |     43 |   1 |  355.0 |
      Ice Cave |    355 |    355 |      0 |     11 |    133 |   1 |  355.0 |
       Volcano |    463 |    463 |      0 |    202 |     80 |   1 |  463.0 |
        Wizlab |    591 |    591 |      0 |     82 |    282 |   1 |  591.0 |
      Gauntlet |    688 |    688 |      0 |    383 |     58 |   1 |  688.0 |
               +--------+--------+--------+--------+--------+-----+--------+

Top non-repeatable levels by time:
Vaults:4: 2529 daAuts
     D:9: 1680 daAuts
Depths:2: 1663 daAuts
 Snake:4: 1633 daAuts
     D:8: 1570 daAuts
     D:3: 1543 daAuts
 Crypt:3: 1429 daAuts
 Snake:2: 1308 daAuts
    D:14: 1284 daAuts
     D:4: 1269 daAuts
Vaults:1: 1235 daAuts
     D:2: 1226 daAuts
  Lair:1: 1087 daAuts
Depths:4: 1070 daAuts
  Lair:2: 1068 daAuts
